 Dungeon Crawl Stone Soup version 0.29-a0-284-gf9362112df (webtiles) character file.

Game seed: 13537622610566321495

119 sammy202020 the Skirmisher (level 4, -4/39 HPs)
             Began as a Palentonga Berserker on Mar 26, 2022.
             Was a Believer of Trog.
             Slain by a river rat (7 damage)
             ... on level 3 of the Dungeon.
             The game lasted 00:05:03 (3491 turns).

sammy202020 the Skirmisher (Palentonga Berserker)   Turns: 3491, Time: 00:05:04

Health: -4/39      AC:  7    Str: 20    XL:     4   Next: 74%
Magic:  4/4        EV:  9    Int:  9    God:    Trog [**....]
Gold:   102        SH:  0    Dex: 10    Spells: 3/3 levels left

rFire   . . .      SeeInvis +   a - +0 hand axe
rCold   . . .      Faith    .   (no shield)
rNeg    . . .      Spirit   .   s - +0 ring mail
rPois   .          Reflect  .   c - +0 helmet {SInv}
rElec   .          Harm     .   (no cloak)
rCorr   +          Rampage  .   (no gloves)
Will    .....                   (no barding)
Stlth   ..........              o - amulet of the acrobat
HPRegen 0.13/turn               j - ring of resist corrosion
MPRegen 0.09/turn               (no ring)

@: no status effects
A: large, rugged brown scales 3, see invisible, deformed body, roll 1, armoured
tail
a: Rolling Charge, Renounce Religion, Berserk, Trog's Hand


You were on level 3 of the Dungeon.
You worshipped Trog.
Trog was pleased with you.
You visited 1 branch of the dungeon, and saw 3 of its levels.

You collected 102 gold pieces.

Inventory:

Hand Weapons
 a - a +0 hand axe (weapon)
Armour
 b - a +0 animal skin
 c - a +0 helmet of see invisible (worn)
 q - a +0 leather armour
 s - a +0 ring mail (worn)
Jewellery
 j - a ring of resist corrosion (left hand)
 l - an amulet of faith
 o - an amulet of the acrobat (around neck)
Wands
 f - a wand of polymorph (7)
 p - a wand of digging (3)
Scrolls
 d - a scroll of identify
 g - a scroll of fear
 i - a scroll of blinking
 m - a scroll of brand weapon {unknown}
Potions
 e - 2 potions of flight
 h - 2 potions of curing
 k - a potion of brilliance {unknown}
 n - a potion of cancellation {unknown}
 r - a potion of heal wounds


   Skills:
 * Level 4.0 Fighting
 * Level 3.9 Axes
 + Level 2.1 Armour
 + Level 2.2 Dodging


You had 3 spell levels left.
You didn't know any spells.
Your spell library was empty.

Dungeon Overview and Level Annotations

Branches:
Dungeon (3/15)

Altars:

Portals:
Sewer: D:3

Annotations:
D:3 1 runed translucent door, Crazy Yiuf


Innate Abilities, Weirdness & Mutations

You are completely covered in rugged brown scales. (AC +3, +7% HP)
You have supernaturally acute eyesight. (SInv)
Armour fits poorly on your strangely shaped body.
You can roll at nearby foes to attack.
You have a long armoured tail.


Message History

Trog accepts your kill.
You closely miss the river rat.
Your tail-slap misses the river rat.
You hit the river rat.
The river rat is lightly wounded.
You barely miss the river rat.
The river rat bites you but does no damage.
The river rat bites you.
You hit the river rat.
You tail-slap the river rat, but do no damage.
The river rat is heavily wounded.
You hit the river rat. The river rat completely misses you.
The river rat barely misses you.
You hit the river rat. You tail-slap the river rat.
Your punch misses the river rat.
The river rat is severely wounded.
You hit the river rat but do no damage. The river rat bites you. x2
You barely miss the river rat.
The river rat is severely wounded.
You hit the river rat but do no damage. The river rat closely misses you.
The river rat bites you. x3
You hit the river rat but do no damage.
The river rat is severely wounded.
You barely miss the river rat. The river rat closely misses you.
The river rat bites you.
You completely miss the river rat.
The river rat is severely wounded.
You barely miss the river rat. The river rat closely misses you. x2
You barely miss the river rat. Your punch misses the river rat.
The river rat is severely wounded.
You barely miss the river rat. The river rat closely misses you.
The river rat bites you.
* * * LOW HITPOINT WARNING * * *
You hit the river rat but do no damage. You tail-slap the river rat.
The river rat is almost dead.
You barely miss the river rat. The river rat bites you.
* * * LOW HITPOINT WARNING * * *
The river rat bites you.
* * * LOW HITPOINT WARNING * * *
You fail to use your ability.
The river rat bites you!
You die...

> ..<...........[..# ...
.#.#..............#....
..............!.......
#.###..#.............
...#..##................
........#.########.#.###
#######................
#≈≈≈≈≈#.#.#........##.##
#≈≈∩≈≈r@#.#......####.##
#≈≈≈≈≈#r..#............#
#≈≈≈≈≈#...#..........#.#
#######...#..........#.#
....#............#
.....#............#
..................
.....##.....)..)...
..... #......###...


You could see 2 river rats.

Vanquished Creatures
  Ijyb (D:3)
  4 adders (D:2)
  An ufetubus (D:3)
  A worm (D:2)
  7 ball pythons
  7 endoplasms
  3 giant cockroaches
  A goblin (D:1)
  5 hobgoblins
  2 quokkas
  4 bats
  3 frilled lizards
  6 kobolds
  4 rats (D:2)
49 creatures vanquished.

Notes
Turn   | Place    | Note
-------+----------+-------------------------------------------
     0 | D:1      | sammy202020 the Palentonga Berserker began the quest for
                  | the Orb.
     0 | D:1      | Reached XP level 1. HP: 19/19 MP: 1/1
   482 | D:1      | Reached XP level 2. HP: 25/25 MP: 2/2
  1647 | D:2      | Reached XP level 3. HP: 14/31 MP: 3/3
  2672 | D:2      | Reached XP level 4. HP: 38/39 MP: 4/4
  3116 | D:3      | Reached ** piety under Trog
  3147 | D:3      | Found a runed translucent door.
  3148 | D:3      | Noticed Crazy Yiuf
  3228 | D:3      | Noticed Ijyb
  3256 | D:3      | Killed Ijyb
  3257 | D:3      | Reached skill level 4 in Fighting
  3467 | D:3      | Found a glowing drain.
  3491 | D:3      | Slain by a river rat

Illustrated notes

Levels and vault maps discovered:
D:1:      sevenhm_arrival_forest_fort_small_3, layout_loops_corners,
          amethyst_killhole
D:2:      layout_loops_ring
D:3:      layout_basic, gammafunk_temple_overflow_wave, portal_sewer_entry_c,
          nicolae_ecumenical_snake_handling, uniq_ijyb, uniq_crazy_yiuf_cottage,
          uniq_robin, uniq_natasha, uniq_sigmund, uniq_grinder

Skill      XL: |  1  2  3  4 |
---------------+-------------+-----
Dodging        | 2 |  2.2
Armour         | 2 |  2.1
Fighting       | 4 |  4.0
Axes           | |  3.9

Action                   |  1- 3 |  4- 6 || total
-------------------------+-------+-------++-------
Melee: Hand axe          |   110 |    81 ||   191
       Tailslap          |     4 |    13 ||    17
       Punch             |     1 |       ||     1
Invok: Berserk           |     3 |       ||     3
       Trog's Hand       |       |     1 ||     1
 Abil: Rolling Charge    |     1 |       ||     1
  Use: Scroll            |       |    10 ||    10
Armor: Animal skin       |    49 |    11 ||    60
       Ring mail         |       |    17 ||    17
Dodge: Dodged            |    46 |    48 ||    94

Table legend: (Time is in decaauts)
 A = Elapsed time spent in this place.
 B = Non-inter-level travel time spent in this place.
 C = Inter-level travel time spent in this place.
 D = Time resting spent in this place.
 E = Time spent auto-exploring this place.
 F = Levels seen in this place.
 G = Mean time per level.
                   A        B        C        D        E       F      G
               +--------+--------+--------+--------+--------+-----+--------+
         Total |   3545 |   3525 |     20 |    513 |   2511 |   3 | 1181.7 |
       Dungeon |   3545 |   3525 |     20 |    513 |   2511 |   3 | 1181.7 |
               +--------+--------+--------+--------+--------+-----+--------+

Top non-repeatable levels by time:
     D:2: 1726 daAuts
     D:1: 1437 daAuts
     D:3: 381 daAuts
